Map: Magannatha LE

Players

KimChiLoVer - Winner!

  • Race: Terran Terran
  • League: Diamond
  • Spawn Location: 5:00

VOD

Have the link to the VOD?

Description

Time

  • Played on: Sept. 8, 2025, 9:03 p.m.
  • Length: 11:04
Show
View Real Time Build Order
Export as new Build Order

KimChiLoVer Terran - Winner!

Build Orders:  

Get SALT Encoding   

  12  0:01  SCV  
  13  0:19  SCV  
  14  0:27  Supply Depot  
  14  0:36  SCV  
  15  0:57  SCV  
  15  0:58  Barracks  
  16  1:03  Refinery  
  16  1:14  SCV  
  16  1:16  Refinery  
  17  1:31  SCV  
  18  1:48  SCV  
  19  2:06  Orbital Command  
  20  2:13  Supply Depot, Reaper  
  20  2:27  Factory  
  20  2:42  SCV  
  21  2:58  Reaper  
  22  3:13  SCV  
  22  3:19  Command Center  
  23  3:31  SCV  
  23  3:35  Factory Tech Lab  
  24  3:41  Barracks Reactor  
  24  3:48  Starport  
  24  4:23  Cyclone  
  27  4:32  SCV  
  27  4:36  Supply Depot  
  28  4:57  Viking  
  30  5:04  Supply Depot  
  30  5:08  Siege Tank  
  33  5:15  Refinery  
  33  5:16  Refinery  
  33  5:26  SCV  
  33  5:29  Orbital Command  
  34  5:42  Viking  
  36  5:50  SCV, Factory  
  37  6:07  SCV  
  38  6:17  Viking  
  38  6:19  Siege Tank  
  40  6:24  SCV  
  41  6:31  Siege Tank  
  44  6:41  SCV  
  44  6:56  Viking  
  46  7:02  SCV  
  47  7:10  Factory Tech Lab  
  47  7:19  SCV  
  51  7:26  Supply Depot  
  51  7:27  SCV  
  51  7:29  Supply Depot  
  52  7:36  SCV  
  52  7:39  Supply Depot  
  53  7:44  SCV  
  53  7:46  Siege Tank  
  57  7:52  Siege Tank  
  57  7:53  SCV  
  61  8:01  SCV  
  61  8:06  Barracks Reactor  
  61  8:07  Starport  
  62  8:10  SCV  
  62  8:17  Unknown  
  62  8:18  SCV  
  64  8:27  SCV  
  65  8:35  SCV  
  66  8:44  SCV  
  66  8:46  Siege Tank x2  
  73  8:59  Siege Tank x2  
  69  9:13  Marine x2  
  69  9:15  Viking x2  
  77  9:55  Siege Tank  
  77  9:56  Siege Tank  
  77  9:57  Viking  
  83  10:07  Supply Depot  
  83  10:16  Viking  
Tags
 
Add a new tag
Caveats
  • Supply blocks, unpowered buildings, or Contaminate may cause inaccurate times.
  • Supply counts are checked every 10 seconds.